 Dungeon Crawl Stone Soup version 0.28.0-43-g3370ac3207 (webtiles) character file.

Game seed: 10806714262608004533

3313 mortz the Destroyer (level 10, -3/52 HPs)
             Began as a Tengu Conjurer on Mar 31, 2022.
             Was a Follower of Vehumet.
             Succumbed to an orc warrior's poison
             ... on level 8 of the Dungeon.
             The game lasted 00:55:20 (10479 turns).

mortz the Destroyer (Tengu Conjurer)               Turns: 10479, Time: 00:55:21

Health: -3/52      AC:  8    Str:  7    XL:     10   Next: 1%
Magic:  10/29      EV: 12    Int: 30    God:    Vehumet [*.....]
Gold:   218        SH:  0    Dex: 12    Spells: 5/22 levels left

rFire   . . .      SeeInvis .   u - staff of conjuration {!a@e2staff}
rCold   + . .      Faith    .   (no shield)
rNeg    . . .      Spirit   .   O - +1 ring mail {rC+}
rPois   .          Reflect  .   (helmet restricted)
rElec   .          Harm     .   k - +0 cloak
rCorr   .          Rampage  .   (no gloves)
Will    .....                   (boots unavailable)
Stlth   ++........              (no amulet)
HPRegen 0.17/turn               m - +6 ring of intelligence
MPRegen 0.21/turn               C - ring of magical power

@: lethally poisoned (-3 -> -33), flying quickly and evasively, quick
A: beak, talons 3, nimble flight
a: Renounce Religion


You were on level 8 of the Dungeon.
You worshipped Vehumet.
Vehumet was aware of your devotion.
You visited 2 branches of the dungeon, and saw 9 of its levels.

You collected 478 gold pieces.
You spent 260 gold pieces at shops.


Innate Abilities, Weirdness & Mutations

You have a beak for a mouth.
You have claws for feet.
Your magical nature lets you fly swiftly and evasively.


   Skills:
 + Level 1.3 Fighting
 + Level 0.1 Short Blades
 + Level 4.4 Armour
 + Level 2.8 Dodging
 + Level 4.1 Stealth
 + Level 6.5 Spellcasting
 + Level 10.7 Conjurations
 * Level 4.4 Translocations
 * Level 5.1 Fire Magic
 * Level 0.4 Earth Magic


You had 5 spell levels left.
You knew the following spells:

 Your Spells              Type           Power      Damage    Failure   Level
a - Magic Dart            Conj           100%       1d8       1%          1
b - Searing Ray           Conj           100%       2d8       1%          2
c - Iskenderun's Mystic   Conj/Tloc      70%        2d14      7%          4
d - Sticky Flame          Conj/Fire      72%        2d9       6%          4
e - Foxfire               Conj/Fire      100%       2x1d9     1%          1
f - Passwall              Tmut/Erth      9%         N/A       22%         2
g - Ignite Poison         Fire/Tmut/Pois 20%        N/A       22%         3

Your spell library contained the following spells:

 Spells                   Type           Power      Damage    Failure   Level
 Freeze                   Ice            36%        1d6       16%         1
 Conjure Flame            Conj/Fire      72%        6-21      1%          3
 Dazzling Flash           Conj/Hex       100%       N/A       4%          3
 Gell's Gravitas          Tloc           36%        N/A       8%          3
 Lesser Beckoning         Tloc           36%        N/A       8%          3
 Teleport Other           Tloc           36%        N/A       8%          3
 Fulminant Prism          Conj/Hex       29%        3d14      17%         4
 Ensorcelled Hibernation  Hex/Ice        18%        N/A       24%         2
 Sublimation of Blood     Necr           9%         N/A       24%         2
 Wereblood                Tmut           9%         N/A       24%         2
 Ozocubu's Armour         Ice            9%         N/A       43%         3
 Swiftness                Air            9%         N/A       43%         3
 Animate Dead             Necr           4%         N/A       83%         4
 Borgnjor's Vile Clutch   Necr/Erth      5%         N/A       98%         5
 Death Channel            Necr           4%         N/A       100%        6
 Ozocubu's Refrigeration  Ice            4%         4d5       100%        7
 Summon Hydra             Summ           4%         N/A       100%        7

Inventory:

Hand Weapons
 c - a +1 flail of draining {mace}
   (You took it off Edmund on level 6 of the Dungeon)
 v - a +0 dagger of venom {short}
   (You took it off a goblin on level 4 of the Dungeon)
 w - a +4 dagger {short}
   (You found it on level 7 of the Dungeon)
 x - a +0 spear {polearm}
   (You took it off a gnoll on level 4 of the Dungeon)
 E - a +2 whip of freezing {mace}
   (You took it off Pikel on level 5 of the Dungeon)
 L - a +0 vorpal war axe {axe}
   (You found it on level 6 of the Dungeon)
 M - a +2 vampiric falchion {long}
   (You found it on level 7 of the Dungeon)
 N - a +3 falchion {long}
   (You took it off an orc on level 7 of the Dungeon)
Missiles
 d - 284 stones {throwing}
 s - 2 poisoned darts {throwing}
Armour
 k - a +0 cloak (worn)
   (You found it on level 2 of the Dungeon)
 o - a +0 leather armour
   (You took it off an orc on level 3 of the Dungeon)
 p - a +0 plate armour
   (You took it off an orc warrior on level 7 of the Dungeon)
 O - a +1 ring mail of cold resistance (worn)
   (You found it on level 8 of the Dungeon)
Magical Staves
 u - a staff of conjuration (weapon) {!a@e2staff}
   (You found it on level 8 of the Dungeon)
 y - a staff of earth {!astaff}
   (You found it on level 7 of the Dungeon)
Jewellery
 m - a +6 ring of intelligence (left hand)
   (You found it on level 3 of the Dungeon)
 C - a ring of magical power (right hand)
   (You bought it in a shop on level 1 of the Dungeon)
Wands
 t - a wand of flame (10)
   (You took it off Natasha on level 3 of the Dungeon)
 J - a wand of acid (5)
   (You found it on level 6 of the Dungeon)
Scrolls
 a - a scroll of vulnerability {unknown}
 e - 2 scrolls of fear
 g - a scroll of silence {unknown}
 h - 4 scrolls of enchant weapon {unknown}
 l - 3 scrolls of amnesia
 n - 3 scrolls of identify {unknown}
 q - a scroll of immolation {unknown}
 B - a scroll of teleportation {unknown}
 D - a scroll of blinking {unknown}
 H - a scroll of fog {unknown}
 I - a scroll of torment {unknown}
 K - a scroll of noise {unknown}
Potions
 b - a potion of curing {@q1}
 f - 3 potions of heal wounds {unknown}
 i - a potion of mutation {unknown}
 j - 3 potions of attraction {unknown}
 r - 2 potions of haste {unknown}
 z - 2 potions of degeneration {unknown}
 A - a potion of magic {unknown}
 F - a potion of lignification {unknown}
 G - a potion of flight {unknown}

Dungeon Overview and Level Annotations

Branches:
Dungeon (8/15)             Temple (1/1) D:4
   Lair: D:8-11

Altars:
Ashenzari
Cheibriados
Dithmenos
Elyvilon
Fedhas
Gozag
Hepliaklqana
Kikubaaqudgha
Makhleb
Nemelex Xobeh
Okawaru
Qazlal
Ru
Sif Muna
Trog
Uskayaw
Vehumet
Wu Jian
Xom
Yredelemnul
Zin
The Shining One

Shops:
D:1 = D:4

( #.......### #.
#.≈≈...≈♣≈######.
#...≈.≈≈≈≈.......
##...≈≈≈.≈≈...#...
#.....≈≈≈####.#.##
#.≈♣.≈≈≈.≈≈♣#.#.##
#..#≈..#≈≈.≈#.#..#
#.≈≈≈..≈.≈.♣#.#.##
#@≈.≈.≈.≈####.#..#
.......o≈≈.≈≈≈≈≈≈ #.#.##
.....##...≈≈≈≈≈.≈...#.##
...> #.)##..###.. ..##
#.. .... ..# ### #.
##... ... # #.. .. ...


You could see an orc warrior (burning).


Message History

Aiming: Magic Dart (safe; 1% risk of failure)
Press: ? - help, Q - select action, (/) - cycle Shift-Dir - straight line, f - orc
Aim: an orc, wielding a +0 club (100% to hit)
Okay, then.
Aiming: Magic Dart (safe; 1% risk of failure)
Press: ? - help, Q - select action, (/) - cycle Shift-Dir - straight line, f - orc
Aim: an orc, wielding a +0 club (100% to hit)
You feel a surge of power!
The magic dart hits the orc!
You kill the orc!
Vehumet accepts your kill. 😎 MP[-1]
You lost 1 mp, and now have 25/29 mp.
Aiming: Magic Dart (safe; 1% risk of failure)
Press: ? - help, Q - select action, (/) - cycle Shift-Dir - straight line, f - orc warrior
Aim: an orc warrior, wielding a +1 trident of venom and wearing a +0 plate armour (100% to hit)
You feel a surge of power!
The magic dart hits the orc warrior but does no damage.
Aiming: Magic Dart (safe; 1% risk of failure)
Press: ? - help, Q - select action, (/) - cycle Shift-Dir - straight line, f/p - orc warrior
Aim: an orc warrior, wielding a +1 trident of venom and wearing a +0 plate armour (100% to hit)
You feel a surge of power!
The magic dart hits the orc warrior. 😎 MP[-1]
You lost 1 mp, and now have 24/29 mp.
Aiming: Magic Dart (safe; 1% risk of failure)
Press: ? - help, Q - select action, (/) - cycle Shift-Dir - straight line, f - orc priest, p - orc warrior
Aim: an orc priest, wielding a +0 club (moderately wounded, 100% to hit)
You feel a surge of power!
The magic dart hits the orc!
You kill the orc!
Vehumet accepts your kill. 😎 MP[-1]
You lost 1 mp, and now have 23/29 mp.
Aiming: Magic Dart (safe; 1% risk of failure)
Press: ? - help, Q - select action, (/) - cycle Shift-Dir - straight line, f/p - orc priest
Aim: an orc priest, wielding a +0 club (moderately wounded, 100% to hit)
Okay, then.
Casting: Magic Dart (safe; 1% risk of failure)
Confirm with . or Enter, or press ? or * to list all spells.
Aiming: Searing Ray (safe; 1% risk of failure)
Press: ? - help, Shift-Dir - straight line, f/p - orc priest
Aim: an orc priest, wielding a +0 club (moderately wounded, 83% to hit)
You feel a surge of power!
The searing ray hits the orc priest!
You kill the orc priest!
Vehumet accepts your kill. (Press . to maintain the ray.) 😎 MP[-2]
You lost 2 mp, and now have 21/29 mp.
Casting: Searing Ray (safe; 1% risk of failure)
Confirm with . or Enter, or press ? or * to list all spells.
Restarting spell: Searing Ray (safe; 1% risk of failure)
Press: ? - help, Shift-Dir - straight line, f - orc warrior
Aim: an orc warrior, wielding a +1 trident of venom and wearing a +0 plate armour (moderately wounded, 83% to hit)
You feel a surge of power!
The searing ray hits the orc warrior. (Press . to maintain the ray.)
The orc warrior hits you but does no damage.
You are poisoned. 😎 MP[-2]
You lost 2 mp, and now have 19/29 mp.
The searing ray hits the orc warrior but does no damage.
You feel very sick.
The orc warrior hits you from afar with a +1 trident of venom! 😮 HP[-15]
You take 15 damage, and now have 37/52 hp.
MASSIVE DAMAGE!! (PAUSE)
The searing ray hits the orc warrior.
You feel sick.
The orc warrior hits you from afar with a +1 trident of venom!
* * * LOW HITPOINT WARNING * * *
You are more poisoned. 😨 HP[-12] MP[-1]
You take 12 damage, and now have 25/52 hp.
MASSIVE DAMAGE!! (PAUSE)
You lost 1 mp, and now have 18/29 mp.
Found a stone staircase leading down.
You feel very sick.
The orc warrior barely misses you. 😨 HP[-4]
You take 4 damage, and now have 21/52 hp.
Casting: Searing Ray (safe; 1% risk of failure)
Confirm with . or Enter, or press ? or * to list all spells.
Aiming: Sticky Flame (dangerous; 6% risk of failure)
Press: ? - help, Shift-Dir - straight line, f/p - orc warrior
Aim: an orc warrior, wielding a +1 trident of venom and wearing a +0 plate armour (heavily wounded, 100% to hit)
You feel a surge of power!
The sticky flame hits the orc warrior.
The orc warrior is covered in liquid flames!
You feel very sick.
The orc warrior burns!
The orc warrior hits you with a +1 trident of venom!
* * * LOW HITPOINT WARNING * * *
You are more poisoned. 😱 HP[-18] MP[-4]
You take 18 damage, and now have 3/52 hp.
MASSIVE DAMAGE!! (PAUSE)
You lost 4 mp, and now have 14/29 mp.
Casting: Sticky Flame (dangerous; 6% risk of failure)
Confirm with . or Enter, or press ? or * to list all spells.
Aiming: Sticky Flame (dangerous; 6% risk of failure)
Press: ? - help, Shift-Dir - straight line, f/p - orc warrior
Aim: an orc warrior, wielding a +1 trident of venom and wearing a +0 plate armour (severely wounded, covered in liquid flames, 100% to hit)
You feel a surge of power!
The sticky flame hits the orc warrior.
The orc warrior is covered in liquid flames!
You die...

Skill      XL: |  1  2  3  4  5  6  7  8  9 |
---------------+----------------------------+-----
Conjurations   | 6 7 8 9 10 | 10.7
Spellcasting   | 3 4 5 6 |  6.5
Translocations | 1 2 3 4 |  4.4
Armour         | 1 2 3 4 |  4.4
Fire Magic     | 1 2 4 5 |  5.1
Stealth        | 3 4 |  4.1
Fighting       | 1 |  1.3
Short Blades   | |  0.1
Dodging        | |  2.8
Earth Magic    | |  0.4

Action                   |  1- 3 |  4- 6 |  7- 9 | 10-12 || total
-------------------------+-------+-------+-------+-------++-------
Melee: Short sword       |       |    13 |       |       ||    13
       Peck              |       |     2 |     1 |       ||     3
       Kick              |       |     1 |       |       ||     1
       War axe           |       |       |     3 |       ||     3
 Cast: Magic Dart        |    59 |    66 |    69 |     7 ||   201
       Searing Ray       |    12 |    29 |    65 |     2 ||   108
       Iskenderun's Myst |       |       |     8 |       ||     8
       Sticky Flame      |       |       |    10 |     2 ||    12
       Foxfire           |       |       |     8 |       ||     8
  Use: Potion            |       |     2 |     2 |       ||     4
       Scroll            |       |       |     2 |       ||     2
Armor: Robe              |     1 |     6 |       |       ||     7
       Leather armour    |       |       |    14 |       ||    14
       Ring mail         |       |       |       |     1 ||     1
Dodge: Dodged            |     2 |    14 |    45 |     1 ||    62

Levels and vault maps discovered:
D:1:      psy_arrival_basics, layout_basic, serial_shops,
          nicolae_shop_statue_plus, serial_curves, eino_curves_01,
          eino_curves_04
D:2:      layout_rooms, basic_altar, shapermc_ecumenical_altar_gd,
          minmay_goblin_outpost
D:3:      layout_basic, uniq_natasha
D:4:      layout_loops_ring, minmay_temple_entry_mist, serial_shops,
          kennysheep_mini, serial_bayou_lagoon_a, minmay_surrounded
D:5:      layout_basic, lemuel_coloured_pillars_altar,
          mainiacjoe_overflow_chevrons, item_on_display_a, uniq_pikel
D:6:      layout_basic, nzn_overflow_gifts_of_might_and_magic, minitemple,
          kennysheep_generic_room_11, uniq_edmund, uniq_sigmund
D:7:      layout_rooms, mainiacjoe_overflow_six_doors_small, marbit_many_paths,
          glass_columns_b
D:8:      minmay_chambers_of_sevens, layout_basic, enter_bailey_5,
          serial_rivers, chequers_serial_rivers_small_3,
          chequers_serial_rivers_marsh, chequers_serial_rivers_small_3,
          chequers_serial_rivers_micro_a, chequers_serial_rivers_small_a,
          chequers_serial_rivers_micro_e, minmay_misc_feat_room,
          hangedman_abyss_or_decor_clamps, minmay_misc_feat_rows, minivault_1,
          kennysheep_generic_room_13
Temple:   eino_narrow_crystal_temple

Notes
Turn   | Place    | Note
-------+----------+-------------------------------------------
     0 | D:1      | mortz the Tengu Conjurer began the quest for the Orb.
     0 | D:1      | Reached XP level 1. HP: 10/10 MP: 4/4
     0 | D:1      | magus.rc [v1.9.6]
   139 | D:1      | Found Upog's Jewellery Shop.
   239 | D:1      | You pick up a book of Displacement and begin reading...
   239 | D:1      | You add the spells Lesser Beckoning, Gell's Gravitas and
                  | Teleport Other to your library.
   261 | D:1      | Reached XP level 2. HP: 15/15 MP: 3/6
   311 | D:1      | Learned a level 2 spell: Searing Ray
   466 | D:1      | Reached skill level 6 in Conjurations
  1059 | D:2      | Reached XP level 3. HP: 19/19 MP: 5/7
  1338 | D:2      | Found a faded altar of an unknown god.
  1347 | D:2      | Found an iron altar of Okawaru.
  1772 | D:2      | Reached XP level 4. HP: 24/24 MP: 4/8
  2161 | D:2      | Learned a level 4 spell: Iskenderun's Mystic Blast
  2411 | D:3      | Reached skill level 7 in Conjurations
  2661 | D:3      | Noticed Natasha
  2707 | D:3      | Gained mutation: Your magical nature lets you fly swiftly
                  | and evasively. [Tengu growth]
  2707 | D:3      | Reached XP level 5. HP: 28/28 MP: 5/10
  2728 | D:3      | Killed Natasha
  2729 | D:3      | Reached skill level 3 in Spellcasting
  2928 | D:3      | Noticed Natasha
  2932 | D:3      | Killed Natasha
  3207 | D:3      | Noticed Natasha
  3209 | D:3      | Killed Natasha
  3245 | D:3      | Reached XP level 6. HP: 21/32 MP: 2/12
  3589 | D:3      | You add the spells Conjure Flame, Ignite Poison and Sticky
                  | Flame to your library.
  3595 | D:3      | Learned a level 4 spell: Sticky Flame
  3780 | D:4      | Found Etaunov's Antique Weapon Shop.
  3825 | D:4      | Reached skill level 1 in Translocations
  4000 | D:4      | Found a staircase to the Ecumenical Temple.
  4009 | Temple   | Entered the Ecumenical Temple
  4379 | D:4      | Reached skill level 1 in Armour
  4491 | D:4      | Reached skill level 1 in Fire Magic
  4562 | D:4      | You pick up a book of Burglary and begin reading...
  4562 | D:4      | You add the spells Passwall, Ensorcelled Hibernation and
                  | Swiftness to your library.
  4907 | D:4      | Reached XP level 7. HP: 36/36 MP: 6/13
  5052 | D:5      | Entered Level 5 of the Dungeon
  5098 | D:5      | Found a shadowy altar of Dithmenos.
  5194 | D:1      | Bought a ring of magical power for 260 gold pieces
  5321 | D:5      | Noticed Pikel
  5395 | D:5      | Reached skill level 8 in Conjurations
  5439 | D:5      | Reached skill level 2 in Translocations
  5815 | D:5      | Killed Pikel
  5816 | D:5      | Reached skill level 2 in Armour
  5816 | D:5      | Reached skill level 4 in Spellcasting
  5816 | D:5      | Reached skill level 2 in Fire Magic
  5816 | D:5      | Reached XP level 8. HP: 21/42 MP: 12/15
  6013 | D:5      | Found a stormy altar of Qazlal.
  6146 | D:5      | Reached skill level 3 in Stealth
  6181 | D:5      | Reached skill level 3 in Fire Magic
  6273 | D:5      | You add the spells Ozocubu's Armour and Ozocubu's
                  | Refrigeration to your library.
  6422 | D:6      | HP: 5/42 [orc warrior/+0 short sword (9)]
  6785 | D:6      | Reached skill level 3 in Armour
  6785 | D:6      | Reached skill level 3 in Translocations
  6846 | D:6      | Reached skill level 9 in Conjurations
  6955 | D:6      | Reached skill level 5 in Spellcasting
  7307 | D:6      | Noticed a manticore
  7346 | D:6      | Killed a manticore
  7347 | D:6      | Reached skill level 1 in Fighting
  7347 | D:6      | Reached skill level 4 in Fire Magic
  7347 | D:6      | Reached XP level 9. HP: 14/47 MP: 18/18
  7805 | D:6      | Noticed Sigmund
  7857 | D:6      | Killed Sigmund
  7913 | D:6      | Found a shimmering blue altar of Sif Muna.
  7920 | D:6      | Got Sif Muna's Catalogue of Confrontation
  7923 | D:6      | Learned a level 1 spell: Foxfire
  8069 | D:6      | Found a bloodstained altar of Trog.
  8115 | D:6      | Found an ornate altar of the Wu Jian Council.
  8162 | D:6      | Found a white marble altar of Elyvilon.
  8210 | D:6      | Noticed Edmund
  8216 | D:6      | Killed Edmund
  8217 | D:6      | Reached skill level 4 in Armour
  8217 | D:6      | Reached skill level 10 in Conjurations
  8688 | D:7      | You pick up a book of Blood and begin reading...
  8688 | D:7      | You add the spells Sublimation of Blood, Wereblood and
                  | Summon Hydra to your library.
  8776 | D:7      | Reached skill level 4 in Translocations
  8833 | D:7      | HP: 10/47 [poisoned by a killer bee]
  8834 | D:7      | Reached skill level 6 in Spellcasting
  9154 | D:7      | Found a radiant altar of Vehumet.
  9159 | D:7      | Became a worshipper of Vehumet
  9537 | D:7      | Reached skill level 5 in Fire Magic
  9719 | D:7      | Found a broken altar of Ashenzari.
 10258 | D:8      | You pick up a book of Unlife and begin reading...
 10258 | D:8      | You add the spells Animate Dead, Borgnjor's Vile Clutch and
                  | Death Channel to your library.
 10262 | D:8      | Learned a level 2 spell: Passwall
 10266 | D:8      | Learned a level 3 spell: Ignite Poison
 10285 | D:8      | Reached * piety under Vehumet
 10285 | D:8      | Offered knowledge of Freeze by Vehumet.
 10290 | D:8      | Reached skill level 4 in Stealth
 10290 | D:8      | Reached XP level 10. HP: 52/52 MP: 11/20
 10478 | D:8      | HP: 3/52 [orc warrior/+1 trident of venom (15)]
 10479 | D:8      | Succumbed to an orc warrior's poison

Vanquished Creatures
  Pikel (D:5)
  A manticore (D:6)
  Sigmund (D:6)
  Edmund (D:6)
  A water moccasin (D:6)
  3 orc warriors
  A centaur (D:6)
  3 lemures (D:5)
  2 scorpions
  3 bullfrogs
  7 killer bees
  4 howler monkeys
  A bullfrog zombie (D:3)
  2 centaur zombies (D:6)
  A centaur skeleton (D:4)
  2 hounds
  A jelly (D:7)
  A bullfrog skeleton (D:5)
  7 orc priests
  3 iguanas
  Natasha (thrice) (D:3)
  7 orc wizards
  3 gnolls (D:4)
  7 adders
  A white imp (D:6)
  2 worms
  2 dart slugs
  26 orcs
  8 bats
  6 endoplasms
  4 giant cockroaches
  21 hobgoblins
  6 jackals (D:2)
  A quokka (D:2)
  7 ball pythons
  A frilled lizard (D:2)
  10 goblins
  11 kobolds
  4 rats
176 creatures vanquished.

Vanquished Creatures (others)
  3 demonic plants (D:2)
  14 foxfires (D:7)
  2 fungi (D:2)
  28 plants
47 creatures vanquished.

Grand Total: 223 creatures vanquished

Table legend:
 A = Non-vault XP
 B = Vault XP
 C = Vault XP percentage of total XP
 D = Non-vault monster count
 E = Vault monster count
 F = Vault count percentage of total count
                 A         B        C        D         E       F
            +---------+---------+-------+---------+---------+-------
      Total |    3388 |    1345 |  28.4 |     156 |      17 |   9.8
            +---------+---------+-------+---------+---------+-------
        D:1 |      35 |       0 |   0.0 |      20 |       0 |   0.0
        D:2 |      57 |      15 |  20.8 |      25 |       8 |  24.2
        D:3 |     197 |      35 |  15.1 |      26 |       1 |   3.7
        D:4 |     238 |      61 |  20.4 |      21 |       1 |   4.5
        D:5 |     241 |     641 |  72.7 |       7 |       1 |  12.5
        D:6 |    1179 |     556 |  32.0 |      16 |       5 |  23.8
        D:7 |    1279 |      37 |   2.8 |      32 |       1 |   3.0
        D:8 |     162 |       0 |   0.0 |       9 |       0 |   0.0
            +---------+---------+-------+---------+---------+-------

Illustrated notes

Table legend:
 A = Kills in this place as a percentage of kills in entire the game.
 B = Kills by you in this place as a percentage of kills by you in the entire game.
 C = Kills by friends in this place as a percentage of kills by friends in the entire game.
 D = Other kills in this place as a percentage of other kills in the entire game.
 E = Experience gained in this place as a percentage of experience gained in the entire game.
 F = Experience gained in this place divided by the number of levels of this place that you have seen.
                   A       B       C       D       E      F
               +-------+-------+-------+-------+-------+----------------------
         Total | 100.0 | 100.0 |   N/A |   N/A | 100.0 | 525.9
       Dungeon | 100.0 | 100.0 |   N/A |   N/A | 100.0 | 591.6
               +-------+-------+-------+-------+-------+----------------------

Table legend: (Time is in decaauts)
 A = Elapsed time spent in this place.
 B = Non-inter-level travel time spent in this place.
 C = Inter-level travel time spent in this place.
 D = Time resting spent in this place.
 E = Time spent auto-exploring this place.
 F = Levels seen in this place.
 G = Mean time per level.
                   A        B        C        D        E       F      G
               +--------+--------+--------+--------+--------+-----+--------+
         Total |  10128 |   9580 |    548 |   2943 |   5063 |   9 | 1125.3 |
       Dungeon |   9939 |   9402 |    537 |   2943 |   4893 |   8 | 1242.4 |
        Temple |    189 |    178 |     11 |      0 |    170 |   1 |  189.0 |
               +--------+--------+--------+--------+--------+-----+--------+

Top non-repeatable levels by time:
     D:6: 2165 daAuts
     D:1: 1384 daAuts
     D:4: 1335 daAuts
     D:3: 1260 daAuts
     D:5: 1260 daAuts
     D:7: 1222 daAuts
     D:2: 1071 daAuts
     D:8: 238 daAuts
  Temple: 189 daAuts
